 Dungeon Crawl Stone Soup version 0.21-a0-525-ga34b322 (webtiles) character file.

9578 dvd the Cleaver (level 11, 0/95 HPs)
             Began as a Minotaur Fighter on Dec 7, 2017.
             Was an Elder of Cheibriados.
             Killed from afar by a wyvern (28 damage)
             ... with an exploding inner flame
             ... hexed by the player character
             ... on level 10 of the Dungeon.
             The game lasted 00:22:01 (8673 turns).

dvd the Cleaver (Minotaur Fighter)                  Turns: 8673, Time: 00:22:02

Health: 0/95       AC:  4    Str: 26 (30) XL:     11   Next: 24%
Magic:  2/10       EV: 14    Int: 14      God:    Cheibriados [****..]
Gold:   0          SH: 13    Dex: 19 (20) Spells: 10/10 levels left

rFire    . . .     SeeInvis .   a - +0 war axe
rCold    . . .     Gourm    .   c - +0 shield
rNeg     . . .     Faith    .   u - +0 robe
rPois    +         Spirit   .   (helmet restricted)
rElec    .         Reflect  .   J - +0 cloak
rCorr    .         Harm     .   (no gloves)
MR       .....     Clarity  +   (no boots)
Stlth    +++.......             (no amulet)
HPRegen  0.25/turn              (no ring)
MPRegen  0.12/turn              (no ring)

@: very slow
A: retaliatory headbutt, horns 2, blink, clarity, clumsy 1, deterioration 1,
poison resistance, subdued magic 1
a: Blink, Bend Time, Temporal Distortion, Slouch, Renounce Religion


You were on level 10 of the Dungeon.
You worshipped Cheibriados.
Cheibriados was greatly pleased with you.
You were not hungry.

You visited 2 branches of the dungeon, and saw 11 of its levels.

Inventory:

Hand Weapons
 a - a +0 war axe (weapon)
 g - a +0 flail of holy wrath
 M - a +1 falchion of holy wrath
 P - a +5 trident of freezing
 Q - a +2 morningstar
Missiles
 i - 129 bolts
Armour
 b - a +0 scale mail
 c - a +0 shield (worn)
 r - a +0 chain mail
 u - a +0 robe (worn)
 I - the +2 leather armour of the Orb Guardian {rN+}
   (You found it on level 8 of the Dungeon)

   It protects you from negative energy.
 J - a +0 cloak (worn)
Wands
 d - a wand of digging (21)
 B - a wand of paralysis (7)
 E - a wand of acid (6)
 H - a wand of iceblast (12)
Scrolls
 j - 4 scrolls of remove curse
 k - 6 scrolls of identify
 l - a scroll of amnesia
 m - 2 scrolls of immolation
 n - 3 scrolls of enchant weapon {unknown}
 o - 3 scrolls of random uselessness {unknown}
 q - a scroll of brand weapon {unknown}
 A - a scroll of enchant armour {unknown}
 C - a scroll of magic mapping {unknown}
 N - 2 scrolls of fear {unknown}
 O - 3 scrolls of fog {unknown}
Potions
 t - a potion of brilliance
 z - 2 potions of flight
 D - 2 potions of curing
 G - a potion of cancellation
 K - a potion of mutation
Comestibles
 f - 11 bread rations
 h - 5 chunks of flesh
 p - 6 royal jellies
 s - 4 meat rations
 L - 3 fruits


   Skills:
 + Level 8.4 Fighting
 + Level 13.5 Axes
 + Level 9.1 Armour
 + Level 4.8 Dodging
 + Level 3.0 Stealth
 + Level 9.6 Shields
 + Level 0.3 Invocations
 + Level 1.1 Evocations


You had 10 spell levels left.
You didn't know any spells.

Dungeon Overview and Level Annotations

Branches:
Dungeon (10/15)            Temple (1/1) D:6            Lair (0/6) D:10
    Orc: D:9-12

Altars:
Ashenzari
Cheibriados
Dithmenos
Elyvilon
Fedhas
Gozag
Hepliaklqana
Kikubaaqudgha
Makhleb
Nemelex Xobeh
Okawaru
Qazlal
Ru
Sif Muna
Trog
Uskayaw
Vehumet
Wu Jian
Xom
Yredelemnul
Zin
The Shining One

Shops:
D:9 =

Annotations:
D:10 Maurice, Psyche


Innate Abilities, Weirdness & Mutations

You reflexively headbutt those who attack you in melee.
You have a pair of horns on your head.
You can translocate small distances at will.
You possess an exceptional clarity of mind.
You are clumsy. (Dex -2)
Your body sometimes deteriorates upon taking damage.
Your system is resistant to poisons. (rPois)
Your spells are a little easier to cast, but a little less powerful.


Message History

The orc priest explodes!
Cheibriados appreciates the change of pace. x3
The fiery explosion engulfs the killer bee.
The killer bee explodes!
The fiery explosion engulfs the orc.
The orc explodes!
The fiery explosion engulfs the orc.
The orc explodes!
The fiery explosion engulfs the crimson imp.
The crimson imp completely resists.
Cheibriados thoroughly appreciates the change of pace.
Cheibriados appreciates the change of pace.
Cheibriados thoroughly appreciates the change of pace.
Your Stealth skill increases to level 3!
Cheibriados appreciates the change of pace.
You hear a shout! x4
The wyvern is engulfed in blazing flames. x2
The wyvern explodes!
The fiery explosion engulfs you!
You die...

..o..........o
#..%.§§§......
#.%.§§§§§§§...
#..o§§§§§§§...
#.§.§§§§§§§...
#%§§§§§§§§§...
#o§§§§§§§§..o.
#§§§§§§§§§....
#)§@§.5§§§....
#§§...........
#%............
##############


You could see a crimson imp (inner flame) and 2 orcs.

Vanquished Creatures
  Erolcha (D:9)
  2 two-headed ogres
  Sonja (D:10)
  The ghost of Scuka the Geomancer, a novice GrEE (D:8)
  Pikel (D:7)
  An ugly thing (D:8)
  The ghost of Torious the Destroyer, a novice DECj of Sif Muna (D:6)
  Sigmund (D:3)
  2 wyverns (D:10)
  A spriggan (D:7)
  Menkaure (D:4)
  Duvessa (D:7)
  6 orc warriors
  2 sky beasts
  A swamp drake (D:10)
  5 ice beasts
  2 eyes of draining
  2 phantoms
  A black bear (D:6)
  4 ogres
  2 centaurs
  2 crocodiles (D:10)
  5 bullfrogs
  Dowan (D:7)
  2 scorpions
  6 killer bees (D:10)
  5 wights (D:9)
  2 crimson imps
  4 hounds
  A bullfrog skeleton (D:10)
  5 orc priests
  4 iguanas
  Ijyb (D:3)
  Natasha (thrice) (D:3)
  8 worker ants
  7 orc wizards
  A statue (D:9)
  A hound zombie (D:8)
  2 hound skeletons
  2 worker ant zombies
  14 gnolls
  A howler monkey skeleton (D:4)
  3 adders
  4 shadow imps
  An ooze (D:4)
  An adder skeleton (D:5)
  3 worms
  2 dart slugs
  6 leopard geckos
  25 orcs
  9 bats
  8 giant cockroaches
  10 goblins
  2 hobgoblins
  16 jackals
  8 quokkas
  2 ball pythons
  5 frilled lizards
  8 kobolds
  A leopard gecko skeleton (D:5)
  A leopard gecko zombie (D:7)
  A quokka skeleton (D:4)
  6 rats
238 creatures vanquished.

Vanquished Creatures (others)
  An ogre (D:7)
  A centaur skeleton (D:7)
  An orc wizard (D:7)
3 creatures vanquished.

Grand Total: 241 creatures vanquished

Notes
Turn   | Place    | Note
-------+----------+-------------------------------------------
     0 | D:1      | dvd the Minotaur Fighter began the quest for the Orb.
     0 | D:1      | Reached XP level 1. HP: 19/19 MP: 0/0
    30 | D:1      | Reached XP level 2. HP: 13/27 MP: 1/1
   370 | D:1      | Reached XP level 3. HP: 33/33 MP: 2/2
   644 | D:2      | Reached skill level 3 in Axes
  1637 | D:3      | Reached XP level 4. HP: 40/40 MP: 3/3
  1669 | D:3      | Noticed Sigmund
  1673 | D:3      | Killed Sigmund
  1673 | D:3      | Reached skill level 4 in Axes
  1673 | D:3      | Reached skill level 1 in Dodging
  1673 | D:3      | Reached XP level 5. HP: 33/46 MP: 4/4
  1682 | D:3      | Noticed Natasha
  1689 | D:3      | Killed Natasha
  1850 | D:3      | Noticed Natasha
  1853 | D:3      | Killed Natasha
  1853 | D:3      | Reached skill level 5 in Axes
  1853 | D:3      | Reached skill level 5 in Armour
  1853 | D:3      | Reached XP level 6. HP: 47/52 MP: 5/5
  1916 | D:3      | Noticed Ijyb
  1933 | D:3      | Killed Ijyb
  2044 | D:3      | Noticed Natasha
  2052 | D:3      | Killed Natasha
  2052 | D:3      | Reached skill level 1 in Stealth
  2097 | D:4      | Reached skill level 5 in Shields
  2170 | D:4      | Noticed Menkaure
  2179 | D:4      | HP: 1/53 [shadow imp/nerve-wracking pain (3)]
  2186 | D:4      | Killed Menkaure
  2186 | D:4      | Reached skill level 6 in Axes
  2186 | D:4      | Reached XP level 7. HP: 7/60 MP: 6/6
  2794 | D:5      | Entered Level 5 of the Dungeon
  2797 | D:5      | Found Avosusef's Jewellery Emporium.
  3343 | D:5      | Reached skill level 5 in Fighting
  3343 | D:5      | Reached skill level 7 in Axes
  3564 | D:5      | Reached XP level 8. HP: 57/68 MP: 7/7
  3832 | D:6      | Found a staircase to the Ecumenical Temple.
  3838 | Temple   | Entered the Ecumenical Temple
  4100 | Temple   | Became a worshipper of Cheibriados the Contemplative
  4310 | D:6      | Found a basalt altar of Yredelemnul.
  4336 | D:6      | Noticed Torious's ghost (novice DECj)
  4357 | D:6      | Gained mutation: Your spells are a little easier to cast, but a little less powerful. [potion of mutation]
  4357 | D:6      | Gained mutation: Your body sometimes deteriorates upon taking damage. [potion of mutation]
  4357 | D:6      | Gained mutation: Your system is resistant to poisons. (rPois) [potion of mutation]
  4376 | D:6      | Killed Torious's ghost
  4376 | D:6      | Reached skill level 8 in Axes
  5148 | D:6      | Found a shimmering altar of Xom.
  5303 | D:7      | Noticed Duvessa
  5303 | D:7      | Noticed Dowan
  5313 | D:7      | Killed Duvessa
  5348 | D:7      | Reached XP level 9. HP: 54/74 MP: 8/8
  5352 | D:7      | Killed Dowan
  5366 | D:7      | Reached skill level 9 in Axes
  5412 | D:7      | Noticed Pikel
  5429 | D:7      | Killed Pikel
  5453 | D:7      | Reached * piety under Cheibriados
  6013 | D:8      | Got a faintly glowing leather armour
  6024 | D:8      | Identified the +2 leather armour of the Orb Guardian {rN+} (You found it on level 8 of the Dungeon)
  6047 | D:8      | Reached skill level 10 in Axes
  6342 | D:8      | Noticed a purple ugly thing
  6349 | D:8      | Reached ** piety under Cheibriados
  6353 | D:8      | Reached skill level 11 in Axes
  6354 | D:8      | Killed a purple ugly thing
  6354 | D:8      | Reached XP level 10. HP: 43/84 MP: 9/9
  6627 | D:8      | Noticed Scuka's ghost (novice GrEE)
  6643 | D:8      | Killed Scuka's ghost
  7142 | D:9      | Reached skill level 12 in Axes
  7334 | D:9      | Found Kuutoiff's Jewellery Shop.
  7434 | D:9      | Noticed Erolcha
  7442 | D:9      | Killed Erolcha
  7647 | D:9      | Noticed a two-headed ogre
  7657 | D:9      | Killed a two-headed ogre
  7875 | D:9      | Found a radiant altar of Vehumet.
  8084 | D:10     | Entered Level 10 of the Dungeon
  8124 | D:10     | Gained mutation: You can translocate small distances at will. [mutagenic meat]
  8126 | D:10     | Gained mutation: You possess an exceptional clarity of mind. [mutagenic meat]
  8127 | D:10     | Gained mutation: You are clumsy. (Dex -2) [mutagenic meat]
  8159 | D:10     | Reached *** piety under Cheibriados
  8166 | D:10     | Noticed Maurice
  8422 | D:10     | Reached skill level 13 in Axes
  8437 | D:10     | Found a staircase to the Lair.
  8630 | D:10     | Noticed a two-headed ogre
  8642 | D:10     | Noticed Psyche
  8650 | D:10     | Killed a two-headed ogre
  8650 | D:10     | Reached skill level 1 in Evocations
  8650 | D:10     | Reached XP level 11. HP: 44/94 MP: 10/10
  8654 | D:10     | Noticed Sonja
  8664 | D:10     | Killed Sonja
  8673 | D:10     | Reached **** piety under Cheibriados
  8673 | D:10     | Killed from afar by a wyvern

Vault maps used:
D:1:      lightli_iron_boxes, serial_forest, infiniplex_forest_lined_room_2,
          infiniplex_forest_lined_room_, infiniplex_forest_diagonal,
          infiniplex_forest_pool
D:3:      kennysheep_the_goblin_king, serial_corexii_hall,
          corexii_hall_statues_x, corexii_hall_statues_t, uniq_natasha,
          uniq_sigmund
D:4:      first_bread, uniq_menkaure
D:5:      serial_shops, shop
D:6:      minmay_temple_entry_enclosed_plants, basic_altar, lemuel_tele_altar
D:7:      the_bakery, uniq_pikel, uniq_duvessa
D:9:      vehumet_statue, serial_shops, nicolae_shop_window_shopping,
          uniq_erolcha
D:10:     minmay_firetagon, erik_lair_dragon, hiddenorc2_lemuel, uniq_sonja,
          uniq_maurice, uniq_fannar, uniq_psyche
Temple:   roderic_octagonal_lattice_temple

Skill      XL: |  1  2  3  4  5  6  7  8  9 10 11 |
---------------+----------------------------------+-----
Shields        | 4 5 6 7 9 |  9.6
Armour         | 4 5 6 7 8 9 |  9.1
Axes           | 3 4 5 6 7 8 11 13 | 13.5
Fighting       | 4 5 6 8 |  8.4
Dodging        | 1 2 3 4 |  4.8
Stealth        | 1 2 3 |  3.0
Evocations     | 1 |  1.1
Invocations    | |  0.3

Action                   |  1- 3 |  4- 6 |  7- 9 | 10-12 || total
-------------------------+-------+-------+-------+-------++-------
Melee: War axe           |   126 |    51 |   270 |   175 ||   622
       Headbutt          |    19 |    11 |    50 |    57 ||   137
Invok: Bend Time         |       |       |     1 |       ||     1
 Abil: Blink             |       |       |       |     1 ||     1
Evoke: Wand              |       |       |     6 |     9 ||    15
  Use: Potion            |       |     5 |     5 |     5 ||    15
       Scroll            |       |       |       |    10 ||    10
 Stab: Invisible         |       |       |     2 |       ||     2
       Sleeping          |       |       |       |     3 ||     3
  Eat: Chunk             |     1 |     3 |    13 |     7 ||    24
Armor: Scale mail        |    81 |    20 |    68 |     2 ||   171
       Skin              |       |       |    13 |       ||    13
       Chain mail        |       |       |       |    17 ||    17
       Robe              |       |       |       |     2 ||     2
Dodge: Dodged            |    33 |    25 |    83 |    45 ||   186
Block: Shield            |    83 |    28 |   149 |    76 ||   336

Table legend:
 A = Spawn XP
 B = Non-spawn XP
 C = Spawn XP percentage of total XP
 D = Spawn monster count
 E = Non-spawn monster count
 F = Spawn count percentage of total count
 G = Total turns spent on level
                    A         B        C        D         E        F      G
               +---------+---------+-------+---------+---------+-------+---------
         Total |       0 |   13683 |   0.0 |       0 |     238 |   0.0 |  8673
               +---------+---------+-------+---------+---------+-------+---------
           D:1 |       0 |      45 |   0.0 |       0 |      29 |   0.0 |   566
           D:2 |       0 |      27 |   0.0 |       0 |      13 |   0.0 |   867
           D:3 |       0 |     414 |   0.0 |       0 |      25 |   0.0 |   657
           D:4 |       0 |     471 |   0.0 |       0 |      21 |   0.0 |   704
           D:5 |       0 |     517 |   0.0 |       0 |      22 |   0.0 |   886
           D:6 |       0 |    1118 |   0.0 |       0 |      15 |   0.0 |  1366
           D:7 |       0 |    1604 |   0.0 |       0 |      22 |   0.0 |   587
           D:8 |       0 |    2509 |   0.0 |       0 |      27 |   0.0 |   919
           D:9 |       0 |    2740 |   0.0 |       0 |      25 |   0.0 |  1254
          D:10 |       0 |    4238 |   0.0 |       0 |      39 |   0.0 |   589
               +---------+---------+-------+---------+---------+-------+---------
